AoeStats
← Dieguin

Arabia

509206879Analyzed
1v1 RM · 6d ago on Sep 25, 2026· 75m 54s· 2 players
Game mode
Random Map
Map size
Tiny (2 player)
Population
200
Speed
Normal
Resources
Standard
Victory
Conquest
Starting age
Dark Age
Ending age
Imperial Age
RankedLock teamsTeams togetherTeam positionsShared explorationLock speedFull tech treeHidden civsTurbo modeCheats
Victory
Defeat
🇨🇴 Cumans · Colombia
712
+20
🇹🇷 Britons · Türkiye
790
-20
HSC
10:51 Feudal Age
12:34 Loom
15:50 Double-Bit Axe
20:23 Castle Age
19:31 Gold Mining
19:33 Stone Mining
19:41 Stone Mining
20:04 Forging
19:48 Fletching
22:26 Wheelbarrow
23:29 Bow Saw
30:12 Hand Cart
33:48 Ballistics
33:09 Treadmill Crane
37:13 Imperial Age
37:51 Yeomen
37:45 Bodkin Arrow
37:50 Padded Archer Armor
41:49 Two-Man Saw
40:47 Heated Shot
41:58 Chemistry
45:17 Elite Longbowman
46:41 Leather Archer Armor
46:37 Forging
46:28 Scale Mail Armor
51:12 Masonry
50:53 Onager
50:58 Cranequins
52:20 Elite Skirmisher
61:16 Architecture
70:16 Iron Casting
69:43 Bracer
72:22 Squires
73:34 Arson
Dieguin
6:37 Loom
10:08 Feudal Age
12:36 Double-Bit Axe
20:50 Bloodlines
20:13 Man-at-Arms
21:07 Horse Collar
25:48 Castle Age
24:48 Scale Barding Armor
24:57 Forging
25:57 Capped Ram
25:59 Long Swordsman
27:31 Scale Mail Armor
30:22 Bow Saw
30:14 Heavy Plow
40:59 Imperial Age
41:16 Two-Handed Swordsman
43:01 Chain Barding Armor
43:40 Elite Skirmisher
46:04 Siege Ram
51:33 Fletching
51:43 Padded Archer Armor
54:00 Champion
55:37 Ballistics
57:01 Leather Archer Armor
56:42 Bodkin Arrow
63:48 Cavalier
70:16 Light Cavalry
73:01 Plate Barding Armor
75:29 Hussar
Connection lost

Rejoining the realm…

Still unreachable

The connection could not be restored.

Session expired

The server has moved on; the page needs a fresh start.